WCHLSIM.com - West Coast Hockey League
Teams
League projects
html PUBLIC "-//W3C//DTD XHTML 1.0 Transitional//EN" "http://www.w3.org/TR/xhtml1/DTD/xhtml1-transitional.dtd"> WCHL - Game 1248 - VANCOUVER VOODOO vs RENO LIONS

VANCOUVER VOODOO vs RENO LIONS

Created - 15 avril 2025 at 15:07

Goals
1 2 3 T
VANCOUVER VOODOO 1 0 0 1
RENO LIONS 1 0 2 3
Shots
1 2 3 T
VANCOUVER VOODOO 8 8 12 28
RENO LIONS 11 3 10 24

1st period

1. VANCOUVER VOODOO , William Karlsson 20 (Jonathan Drouin 47) at 0:41
2. RENO LIONS , Mitchell Marner 38 (Elias Pettersson 38, Dylan Strome 45) at 12:49

Penalties :
Aaron Ekblad (VAN) for Delaying the game (Minor) at 7:18, Chris Tanev (VAN) for Hooking (Minor) at 13:59

2nd period

No Goal

Penalties :
Trent Frederic (REN) for Hooking (Minor) at 16:08

3rd period

3. RENO LIONS , Mattias Samuelsson 1 (David Kampf 11, Trent Frederic 12) at 4:21
4. RENO LIONS , Dylan Strome 28 (Trevor van Riemsdyk 12, Ivan Barbashev 23) at 11:12 (PP)

Penalties :
Jonathan Drouin (VAN) for Tripping (Minor) at 1:46, Nicolas Roy (VAN) for Interference (Minor) at 10:21, Radko Gudas (VAN) for Tripping (Minor) at 16:39

Goalie Stats

Filip Gustavsson (VAN), 21 saves from 24 shots - (0,875), L, 28-21-7, 60:00 minutes
Stuart Skinner (REN), 27 saves from 28 shots - (0,964), W, 41-20-6, 60:00 minutes

Players Stats for VANCOUVER VOODOO

Player Name              G  A  P  +/- PIM S  H  SB GA TA FO     MP     PP MP  PK MP  
------------------------------------------------------------------------------------
Aaron Ekblad             0  0  0   1  2   0  4  1  0  0  0/0    21:24   1:00   2:54 
Alex Newhook             0  0  0   0  0   1  0  0  0  0  0/0     8:31   0:00   0:46 
Chris Tanev              0  0  0   0  2   0  1  1  0  0  0/0    21:07   0:00   3:36 
Connor McMichael         0  0  0   0  0   2  0  0  0  0  0/0     7:45   0:00   0:00 
Damon Severson           0  0  0  -2  0   0  0  0  0  0  0/0    17:11   1:00   2:00 
Jack McBain              0  0  0   0  0   0  2  0  0  0  1/5     7:45   0:00   0:00 
Jared McCann             0  0  0  -1  0   4  0  0  0  0  0/0    11:36   1:00   0:00 
Joe Pavelski             0  0  0   0  0   1  0  0  0  0  6/16   19:32   0:59   3:57 
Jonathan Drouin          0  1  1   0  2   4  0  0  0  0  0/2    17:16   1:00   0:00 
Michael Matheson         0  0  0   0  0   0  1  4  0  0  0/0    20:55   0:59   4:36 
Nicolas Roy              0  0  0  -1  2   0  1  0  0  0  11/23  15:37   0:00   5:02 
Noel Acciari             0  0  0  -1  0   0  4  0  0  0  0/1    16:06   0:00   5:30 
Owen Tippett             0  0  0   0  0   1  2  0  0  0  2/3    14:36   0:00   0:00 
Radko Gudas              0  0  0  -2  2   0  1  0  0  0  0/0    16:22   0:00   0:00 
Rickard Rakell           0  0  0   0  0   6  1  0  0  0  0/0    17:17   1:00   0:00 
Torey Krug               0  0  0   1  0   1  2  1  0  0  0/0    22:58   0:59   4:28 
Tyler Toffoli            0  0  0   0  0   1  1  0  0  0  1/1    15:35   0:59   0:00 
William Karlsson         1  0  1   0  0   7  1  0  0  0  16/24  19:35   0:59   2:19 

Players Stats for RENO LIONS

Player Name              G  A  P  +/- PIM S  H  SB GA TA FO     MP     PP MP  PK MP  
------------------------------------------------------------------------------------
Alex Kerfoot             0  0  0   0  0   4  1  0  0  0  1/1    20:17   3:37   1:17 
Brady Skjei              0  0  0  -1  0   0  0  1  0  0  0/0    24:39   3:53   1:13 
Connor Brown             0  0  0   0  0   0  0  0  0  0  0/0     5:39   0:44   0:00 
David Kampf              0  1  1   1  0   1  0  0  0  0  7/17   12:05   0:44   0:00 
Dylan Strome             1  1  2   0  0   4  0  0  0  0  19/25  22:43   4:26   0:42 
Elias Pettersson         0  1  1   0  0   2  0  0  0  0  2/2    23:18   4:26   1:17 
Hampus Lindholm          0  0  0  -1  0   1  0  1  0  0  0/0    24:31   3:53   1:13 
Ivan Barbashev           0  1  1   0  0   1  2  0  0  0  0/2    19:07   3:44   0:00 
Joel Kiviranta           0  0  0   0  0   0  0  1  0  0  0/0     4:55   0:00   0:00 
Juuso Valimaki           0  0  0   1  0   0  0  0  0  0  0/0    12:48   0:44   0:00 
Kyle Okposo              0  0  0   1  0   1  1  0  0  0  0/0    12:05   0:44   0:00 
Mattias Samuelsson       1  0  1   1  0   2  5  0  0  0  0/0    18:29   0:44   0:00 
Mitchell Marner          1  0  1   0  0   6  1  0  0  0  0/1    22:36   4:19   0:42 
Peyton Krebs             0  0  0   0  0   1  1  0  0  0  1/7     4:55   0:00   0:00 
Pierre-Luc Dubois        0  0  0   0  0   1  0  0  0  0  8/20   19:00   3:37   0:00 
Scott Perunovich         0  0  0   1  0   0  0  0  0  0  0/0    17:00   4:10   0:46 
Trent Frederic           0  1  1   1  2   0  5  0  0  0  0/0    11:20   0:00   0:00 
Trevor van Riemsdyk      0  1  1   1  0   0  0  2  0  0  0/0    22:33   4:10   0:46 

3 Stars

1 - Mattias Samuelsson (REN)
2 - Stuart Skinner (REN)
3 - Dylan Strome (REN)

Power Play

VANCOUVER VOODOO - 0 on 1 Attempt(s) - 0,00%
RENO LIONS - 1 on 5 Attempt(s) - 20,00%

Penalty Kill

VANCOUVER VOODOO - 4 on 5 Attempt(s) - 80,00% - Score 0 goal in Penalty Kill
RENO LIONS - 1 on 1 Attempt(s) - 100,00% - Score 0 goal in Penalty Kill

Team Stat

VANCOUVER VOODOO - Hits : 21 - Faceoff Wins : 37 - Blocked Shots : 7 - Penalty Minutes : 10
RENO LIONS - Hits : 16 - Faceoff Wins : 38 - Blocked Shots : 5 - Penalty Minutes : 2

Official

Referees : Dan O'Halloran and Dan O'Rourke
Linesman : Ryan Daisy and Kiel Murchison

Game Notes

No Game Note

Finance

Level 1 -- Attendance: 7000 (100,00%) -- Ticket Income 945 000 $
Level 2 -- Attendance: 5698 (94,97%) -- Ticket Income 484 330 $
Level 3 -- Attendance: 3000 (100,00%) -- Ticket Income 180 000 $
Level 4 -- Attendance: 5000 (100,00%) -- Ticket Income 200 000 $
Luxury Box -- Attendance: 1000 (100,00%) -- Ticket Income 270 000 $
Game was played at the Lions Kingdom.
Total Attendance: 21698 (98,63%)
Total Ticket Income: 2 079 330 $
Other Expense: 20 793 $
Total Income: 2 058 537 $

VANCOUVER VOODOO

5 vs 5 Forward 
   Center                   Left Wing                Right Wing               Time % Phy DF OF 
 1 William Karlsson         Jonathan Drouin          Rickard Rakell           35     1   1  3  
 2 Joe Pavelski             Tyler Toffoli            Owen Tippett             32     2   1  2  
 3 Nicolas Roy              Jared McCann             Noel Acciari             25     1   2  2  
 4 Jack McBain              Alex Newhook             Connor McMichael         8      2   2  1  

5 vs 5 Defense 
   Defense                  Defense                                           Time % Phy DF OF 
 1 Torey Krug               Aaron Ekblad                                      36     1   1  3  
 2 Michael Matheson         Chris Tanev                                       36     1   2  2  
 3 Damon Severson           Radko Gudas                                       28     1   3  1  
 4 Radko Gudas              Chris Tanev                                       0      1   2  2  

PowerPlay Forward 
   Center                   Left Wing                Right Wing               Time % Phy DF OF 
 1 Jared McCann             Jonathan Drouin          Rickard Rakell           56     1   0  4  
 2 William Karlsson         Tyler Toffoli            Joe Pavelski             44     1   1  3  

PowerPlay Defense
   Defense                  Defense                                           Time % Phy DF OF 
 1 Michael Matheson         Torey Krug                                        56     1   1  3  
 2 Aaron Ekblad             Damon Severson                                    44     1   2  2  

Penalty Kill 4 Players Forward 
   Center                   Wing                     Time % Phy DF OF 
 1 Nicolas Roy              Noel Acciari             60     1   4  0  
 2 William Karlsson         Joe Pavelski             40     2   2  1  

Penalty Kill 4 Players Defense
   Defense                  Defense                  Time % Phy DF OF 
 1 Aaron Ekblad             Michael Matheson         53     2   3  0  
 2 Chris Tanev              Torey Krug               47     1   3  1  

Penalty Kill - 3 Players Forward 
   Forward                                           Time % Phy DF OF 
 1 Jared McCann                                      55     1   4  0  
 2 William Karlsson                                  45     2   3  0  

Penalty Kill - 3 Players Defense
   Defense                  Defense                  Time % Phy DF OF 
 1 Aaron Ekblad             Michael Matheson         52     1   4  0  
 2 Radko Gudas              Torey Krug               48     1   3  1  

4 vs 4 Forward 
   Center                   Wing                     Time % Phy DF OF 
 1 Connor McMichael         Noel Acciari             51     1   2  2  
 2 Joe Pavelski             Jared McCann             49     2   1  2  

4 vs 4 Defense
   Defense                  Defense                  Time % Phy DF OF 
 1 Aaron Ekblad             Torey Krug               52     1   2  2  
 2 Radko Gudas              Chris Tanev              48     1   2  2  

Last Minutes Offensive
   Center                   Left Wing                Right Wing               Defense                  Defense                  
   William Karlsson         Jared McCann             Joe Pavelski             Torey Krug               Michael Matheson         

Last Minutes Defensive
   Center                   Left Wing                Right Wing               Defense                  Defense                  
   William Karlsson         Jared McCann             Noel Acciari             Chris Tanev              Michael Matheson         

Goaltenders
Starting : Filip Gustavsson         
Backup : Samuel Montembeault      

Extra Forwards
Normal : Connor McMichael, Alex Newhook, Jared McCann - PP : Alex Newhook, Owen Tippett - PK : Joe Pavelski
Extra Defensemen
Normal : Torey Krug, Aaron Ekblad, Michael Matheson - PP : Torey Krug - PK : Michael Matheson, Damon Severson
Penalty Shots
Jared McCann, Joe Pavelski, William Karlsson, Owen Tippett, Tyler Toffoli
Custom OT Lines Forwards
William Karlsson, Joe Pavelski, Rickard Rakell, Jared McCann, Jonathan Drouin, Owen Tippett, Connor McMichael, Torey Krug, Alex Newhook, Nicolas Roy
Custom OT Lines Defensemen
Michael Matheson, Torey Krug, Aaron Ekblad, Damon Severson, Chris Tanev

Scratches
Kirby Dach (Healthy)

RENO LIONS

5 vs 5 Forward 
   Center                   Left Wing                Right Wing               Time % Phy DF OF 
 1 Dylan Strome             Elias Pettersson         Mitchell Marner          36     1   2  2  
 2 Pierre-Luc Dubois        Alex Kerfoot             Ivan Barbashev           31     1   2  2  
 3 David Kampf              Trent Frederic           Kyle Okposo              23     1   2  2  
 4 Peyton Krebs             Joel Kiviranta           Connor Brown             10     1   2  2  

5 vs 5 Defense 
   Defense                  Defense                                           Time % Phy DF OF 
 1 Brady Skjei              Hampus Lindholm                                   35     1   2  2  
 2 Trevor van Riemsdyk      Mattias Samuelsson                                35     1   2  2  
 3 Scott Perunovich         Juuso Valimaki                                    20     1   2  2  
 4 Brady Skjei              Hampus Lindholm                                   10     1   2  2  

PowerPlay Forward 
   Center                   Left Wing                Right Wing               Time % Phy DF OF 
 1 Dylan Strome             Elias Pettersson         Ivan Barbashev           55     1   2  2  
 2 Pierre-Luc Dubois        Alex Kerfoot             Mitchell Marner          45     1   2  2  

PowerPlay Defense
   Defense                  Defense                                           Time % Phy DF OF 
 1 Brady Skjei              Hampus Lindholm                                   55     1   2  2  
 2 Scott Perunovich         Trevor van Riemsdyk                               45     1   2  2  

Penalty Kill 4 Players Forward 
   Center                   Wing                     Time % Phy DF OF 
 1 Elias Pettersson         Alex Kerfoot             55     1   2  2  
 2 Dylan Strome             Mitchell Marner          45     1   2  2  

Penalty Kill 4 Players Defense
   Defense                  Defense                  Time % Phy DF OF 
 1 Brady Skjei              Hampus Lindholm          55     1   2  2  
 2 Trevor van Riemsdyk      Scott Perunovich         45     1   2  2  

Penalty Kill - 3 Players Forward 
   Forward                                           Time % Phy DF OF 
 1 Alex Kerfoot                                      55     1   2  2  
 2 Elias Pettersson                                  45     1   2  2  

Penalty Kill - 3 Players Defense
   Defense                  Defense                  Time % Phy DF OF 
 1 Brady Skjei              Hampus Lindholm          55     1   2  2  
 2 Trevor van Riemsdyk      Scott Perunovich         45     1   2  2  

4 vs 4 Forward 
   Center                   Wing                     Time % Phy DF OF 
 1 Dylan Strome             Ivan Barbashev           55     1   2  2  
 2 Pierre-Luc Dubois        Mitchell Marner          45     1   2  2  

4 vs 4 Defense
   Defense                  Defense                  Time % Phy DF OF 
 1 Trevor van Riemsdyk      Scott Perunovich         55     1   2  2  
 2 Brady Skjei              Hampus Lindholm          45     1   2  2  

Last Minutes Offensive
   Center                   Left Wing                Right Wing               Defense                  Defense                  
   Dylan Strome             Elias Pettersson         Mitchell Marner          Brady Skjei              Hampus Lindholm          

Last Minutes Defensive
   Center                   Left Wing                Right Wing               Defense                  Defense                  
   Elias Pettersson         Alex Kerfoot             Mitchell Marner          Brady Skjei              Hampus Lindholm          

Goaltenders
Starting : Stuart Skinner           
Backup : Calvin Pickard           

Extra Forwards
Normal : Trent Frederic, David Kampf, Connor Brown - PP : Mitchell Marner, Kyle Okposo - PK : Alex Kerfoot
Extra Defensemen
Normal : Trevor van Riemsdyk, Mattias Samuelsson, Scott Perunovich - PP : Brady Skjei - PK : Hampus Lindholm, Brady Skjei
Penalty Shots
Mitchell Marner, Elias Pettersson, Trent Frederic, Alex Kerfoot, Dylan Strome
Custom OT Lines Forwards
Mitchell Marner, Elias Pettersson, Dylan Strome, Pierre-Luc Dubois, Alex Kerfoot, Ivan Barbashev, Trent Frederic, Kyle Okposo, David Kampf, Connor Brown
Custom OT Lines Defensemen
Brady Skjei, Hampus Lindholm, Trevor van Riemsdyk, Mattias Samuelsson, Juuso Valimaki

Scratches
None


% Time on Ice - VANCOUVER VOODOO

Lines # - Real PCT - Wanted PCT - Time Play
Normal Forward
1 - 33% - 35% - 16:17
2 - 30% - 32% - 14:36
3 - 22% - 25% - 10:36
4 - 16% - 8% - 7:45
Normal Defense
1 - 36% - 36% - 17:31
2 - 31% - 36% - 15:20
3 - 29% - 28% - 14:08
4 - 5% - 0% - 2:15
PP Forward
1 - 50% - 56% - 1:00
2 - 50% - 44% - 0:59
PP Defense
1 - 50% - 56% - 0:59
2 - 50% - 44% - 1:00
PK Forward
1 - 74% - 60% - 6:28
2 - 26% - 40% - 2:19
PK Defense
1 - 46% - 53% - 4:03
2 - 54% - 47% - 4:44
PK3 Forward
1 - 0% - 55%
2 - 0% - 45%
PK3 Defense
1 - 0% - 52%
2 - 0% - 48%
44 Forward
1 - 0% - 51%
2 - 0% - 49%
44 Defense
1 - 0% - 52%
2 - 0% - 48%
Last Minute Offensive  - 0:00
Last Minute Defensive  - 0:00
Total
Forward - 60:00
Defense - 60:00

% Time on Ice - RENO LIONS

Lines # - Real PCT - Wanted PCT - Time Play
Normal Forward
1 - 36% - 36% - 17:35
2 - 31% - 31% - 15:23
3 - 23% - 23% - 11:21
4 - 10% - 10% - 4:55
Normal Defense
1 - 35% - 35% - 17:13
2 - 36% - 35% - 17:45
3 - 25% - 20% - 12:04
4 - 4% - 10% - 2:12
PP Forward
1 - 59% - 55% - 5:10
2 - 41% - 45% - 3:37
PP Defense
1 - 44% - 55% - 3:53
2 - 56% - 45% - 4:54
PK Forward
1 - 65% - 55% - 1:17
2 - 35% - 45% - 0:42
PK Defense
1 - 61% - 55% - 1:13
2 - 39% - 45% - 0:46
PK3 Forward
1 - 0% - 55%
2 - 0% - 45%
PK3 Defense
1 - 0% - 55%
2 - 0% - 45%
44 Forward
1 - 0% - 55%
2 - 0% - 45%
44 Defense
1 - 0% - 55%
2 - 0% - 45%
Last Minute Offensive  - 0:00
Last Minute Defensive  - 0:00
Total
Forward - 60:00
Defense - 60:00

Play-by-Play

1st period


0:01 of 1st period - William Karlsson wins face-off versus Dylan Strome in neutral zone.
0:04 of 1st period - Shot by Rickard Rakell.
0:04 of 1st period - Stopped by Stuart Skinner with a rebound.
0:41 of 1st period - Shot by William Karlsson.
0:41 of 1st period - Goal by William Karlsson - VANCOUVER VOODOO : 1 - RENO LIONS : 0.
0:42 of 1st period - Joe Pavelski wins face-off versus Pierre-Luc Dubois in neutral zone.
1:25 of 1st period - Shot by Owen Tippett.
1:25 of 1st period - Shot Misses the Net.
1:36 of 1st period - Alex Kerfoot is hit by Nicolas Roy and loses puck.
2:18 of 1st period - Icing by Radko Gudas.
2:19 of 1st period - Nicolas Roy wins face-off versus David Kampf in VANCOUVER VOODOO zone.
2:19 of 1st period - Nicolas Roy is hit by Trent Frederic.
2:42 of 1st period - Icing by Aaron Ekblad.
2:43 of 1st period - Dylan Strome wins face-off versus Jack McBain in VANCOUVER VOODOO zone.
2:43 of 1st period - Dylan Strome is hit by Torey Krug.
2:57 of 1st period - Shot by Dylan Strome.
2:57 of 1st period - Stopped by Filip Gustavsson without a rebound.
2:58 of 1st period - William Karlsson wins face-off versus Peyton Krebs in VANCOUVER VOODOO zone.
2:58 of 1st period - William Karlsson is hit by Peyton Krebs.
3:12 of 1st period - Shot by William Karlsson.
3:12 of 1st period - Stopped by Stuart Skinner without a rebound.
3:13 of 1st period - Tyler Toffoli wins face-off versus David Kampf in RENO LIONS zone.
3:29 of 1st period - Torey Krug is hit by Trent Frederic and loses puck.
4:26 of 1st period - Shot by William Karlsson.
4:26 of 1st period - Stopped by Stuart Skinner without a rebound.
4:27 of 1st period - Nicolas Roy wins face-off versus Peyton Krebs in RENO LIONS zone.
4:28 of 1st period - Shot by Jared McCann.
4:28 of 1st period - Shot Misses the Net.
5:06 of 1st period - Shot by Jared McCann.
5:06 of 1st period - Stopped by Stuart Skinner without a rebound.
5:07 of 1st period - Dylan Strome wins face-off versus William Karlsson in RENO LIONS zone.
6:07 of 1st period - Shot by Alex Kerfoot.
6:07 of 1st period - Stopped by Filip Gustavsson without a rebound.
6:08 of 1st period - Joe Pavelski wins face-off versus Ivan Barbashev in VANCOUVER VOODOO zone.
6:36 of 1st period - Shot by Pierre-Luc Dubois.
6:36 of 1st period - Stopped by Filip Gustavsson without a rebound.
6:37 of 1st period - David Kampf wins face-off versus Jack McBain in VANCOUVER VOODOO zone.
6:59 of 1st period - Off-side.
7:00 of 1st period - Dylan Strome wins face-off versus Nicolas Roy in neutral zone.
7:00 of 1st period - Dylan Strome is hit by Noel Acciari.
7:17 of 1st period - Icing by Jared McCann.
7:18 of 1st period - Pierre-Luc Dubois wins face-off versus Nicolas Roy in VANCOUVER VOODOO zone.
7:18 of 1st period - Minor Penalty to Aaron Ekblad for Delaying the game.
7:19 of 1st period - Nicolas Roy wins face-off versus Dylan Strome in VANCOUVER VOODOO zone.
9:25 of 1st period - Off-side.
9:26 of 1st period - Jack McBain wins face-off versus David Kampf in neutral zone.
9:47 of 1st period - Mattias Samuelsson is hit by Jack McBain and loses puck.
10:28 of 1st period - Shot by William Karlsson.
10:28 of 1st period - Shot Misses the Net.
10:30 of 1st period - Shot by William Karlsson.
10:30 of 1st period - Stopped by Stuart Skinner without a rebound.
10:31 of 1st period - Dylan Strome wins face-off versus Joe Pavelski in RENO LIONS zone.
10:31 of 1st period - Dylan Strome is hit by Tyler Toffoli.
10:51 of 1st period - Shot by Mitchell Marner.
10:51 of 1st period - Stopped by Filip Gustavsson without a rebound.
10:52 of 1st period - Pierre-Luc Dubois wins face-off versus Jonathan Drouin in VANCOUVER VOODOO zone.
11:03 of 1st period - Shot by William Karlsson.
11:03 of 1st period - Deflect By Rickard Rakell.
11:03 of 1st period - Shot Misses the Net.
11:34 of 1st period - Shot by William Karlsson.
11:34 of 1st period - Shot Misses the Net.
11:41 of 1st period - Icing by Alex Kerfoot.
11:42 of 1st period - Pierre-Luc Dubois wins face-off versus Joe Pavelski in RENO LIONS zone.
11:42 of 1st period - Pierre-Luc Dubois is hit by Owen Tippett.
12:34 of 1st period - Icing by Dylan Strome.
12:35 of 1st period - Dylan Strome wins face-off versus Nicolas Roy in RENO LIONS zone.
12:35 of 1st period - Mitchell Marner is hit by Noel Acciari.
12:49 of 1st period - Shot by Elias Pettersson.
12:49 of 1st period - Deflect By Mitchell Marner.
12:49 of 1st period - Goal by Mitchell Marner - VANCOUVER VOODOO : 1 - RENO LIONS : 1.
12:50 of 1st period - William Karlsson wins face-off versus David Kampf in neutral zone.
12:50 of 1st period - Rickard Rakell is hit by Trent Frederic and loses puck.
12:54 of 1st period - Aaron Ekblad is hit by Mattias Samuelsson and loses puck.
13:12 of 1st period - Off-side.
13:13 of 1st period - Nicolas Roy wins face-off versus Pierre-Luc Dubois in neutral zone.
13:32 of 1st period - Shot by Pierre-Luc Dubois.
13:32 of 1st period - Shot Misses the Net.
13:34 of 1st period - Shot by Alex Kerfoot.
13:34 of 1st period - Stopped by Filip Gustavsson without a rebound.
13:35 of 1st period - Dylan Strome wins face-off versus Joe Pavelski in VANCOUVER VOODOO zone.
13:59 of 1st period - Minor Penalty to Chris Tanev for Hooking.
14:00 of 1st period - Pierre-Luc Dubois wins face-off versus Nicolas Roy in VANCOUVER VOODOO zone.
14:11 of 1st period - Shot by Alex Kerfoot.
14:11 of 1st period - Stopped by Filip Gustavsson without a rebound.
14:12 of 1st period - Dylan Strome wins face-off versus Nicolas Roy in VANCOUVER VOODOO zone.
14:25 of 1st period - Shot by Elias Pettersson.
14:25 of 1st period - Stopped by Filip Gustavsson without a rebound.
14:26 of 1st period - Nicolas Roy wins face-off versus Pierre-Luc Dubois in VANCOUVER VOODOO zone.
16:13 of 1st period - Shot by Alex Newhook.
16:13 of 1st period - Shot Blocked by Trevor van Riemsdyk.
16:19 of 1st period - Shot by Mattias Samuelsson.
16:19 of 1st period - Shot Misses the Net.
17:45 of 1st period - Shot by Rickard Rakell.
17:45 of 1st period - Shot Blocked by Joel Kiviranta.
17:47 of 1st period - Shot by Jonathan Drouin.
17:47 of 1st period - Deflect By Rickard Rakell.
17:47 of 1st period - Stopped by Stuart Skinner with a rebound.
17:58 of 1st period - Icing by Connor Brown.
17:59 of 1st period - Joe Pavelski wins face-off versus Peyton Krebs in RENO LIONS zone.
18:20 of 1st period - Shot by Owen Tippett.
18:20 of 1st period - Stopped by Stuart Skinner without a rebound.
18:21 of 1st period - Dylan Strome wins face-off versus Nicolas Roy in RENO LIONS zone.
18:25 of 1st period - Elias Pettersson is hit by Radko Gudas and loses puck.
19:27 of 1st period - Shot by Alex Kerfoot.
19:27 of 1st period - Stopped by Filip Gustavsson without a rebound.
19:28 of 1st period - William Karlsson wins face-off versus David Kampf in VANCOUVER VOODOO zone.
19:28 of 1st period - William Karlsson is hit by Trent Frederic.
19:33 of 1st period - Torey Krug is hit by Mattias Samuelsson and loses puck.
19:42 of 1st period - Shot by Trent Frederic.
19:42 of 1st period - Shot Misses the Net.
19:44 of 1st period - Shot by David Kampf.
19:44 of 1st period - Stopped by Filip Gustavsson without a rebound.
19:45 of 1st period - Pierre-Luc Dubois wins face-off versus Joe Pavelski in VANCOUVER VOODOO zone.
19:54 of 1st period - Shot by Ivan Barbashev.
19:54 of 1st period - Stopped by Filip Gustavsson with a rebound.
Goals for this period are 1 for VANCOUVER VOODOO vs 1 for RENO LIONS.
Shots for this period are 8 for VANCOUVER VOODOO vs 11 for RENO LIONS.

2nd period


0:01 of 2nd period - William Karlsson wins face-off versus Mitchell Marner in neutral zone.
0:06 of 2nd period - Shot by Rickard Rakell.
0:06 of 2nd period - Stopped by Stuart Skinner without a rebound.
0:07 of 2nd period - William Karlsson wins face-off versus Pierre-Luc Dubois in RENO LIONS zone.
0:26 of 2nd period - Shot by Pierre-Luc Dubois.
0:26 of 2nd period - Shot Misses the Net.
0:50 of 2nd period - Shot by Jonathan Drouin.
0:50 of 2nd period - Stopped by Stuart Skinner with a rebound.
0:58 of 2nd period - Chris Tanev is hit by Ivan Barbashev and loses puck.
1:42 of 2nd period - Shot by Tyler Toffoli.
1:42 of 2nd period - Shot Misses the Net.
4:54 of 2nd period - Shot by Mattias Samuelsson.
4:54 of 2nd period - Stopped by Filip Gustavsson with a rebound.
5:18 of 2nd period - Shot by Tyler Toffoli.
5:18 of 2nd period - Shot Misses the Net.
5:59 of 2nd period - Off-side.
6:00 of 2nd period - William Karlsson wins face-off versus Peyton Krebs in neutral zone.
6:11 of 2nd period - Shot by Rickard Rakell.
6:11 of 2nd period - Deflect By Jonathan Drouin.
6:11 of 2nd period - Stopped by Stuart Skinner without a rebound.
6:12 of 2nd period - David Kampf wins face-off versus Noel Acciari in RENO LIONS zone.
6:12 of 2nd period - David Kampf is hit by Noel Acciari.
6:30 of 2nd period - Damon Severson is hit by Trent Frederic and loses puck.
8:29 of 2nd period - Owen Tippett is hit by Ivan Barbashev and loses puck.
10:17 of 2nd period - Shot by Mitchell Marner.
10:17 of 2nd period - Stopped by Filip Gustavsson without a rebound.
10:18 of 2nd period - William Karlsson wins face-off versus Peyton Krebs in VANCOUVER VOODOO zone.
10:23 of 2nd period - Shot by Michael Matheson.
10:23 of 2nd period - Shot Misses the Net.
10:29 of 2nd period - Shot by Peyton Krebs.
10:29 of 2nd period - Shot Blocked by Michael Matheson.
10:31 of 2nd period - Shot by Joel Kiviranta.
10:31 of 2nd period - Shot Blocked by Chris Tanev.
11:14 of 2nd period - Shot by Kyle Okposo.
11:14 of 2nd period - Shot Blocked by Michael Matheson.
11:21 of 2nd period - Off-side.
11:22 of 2nd period - Dylan Strome wins face-off versus Joe Pavelski in neutral zone.
11:43 of 2nd period - Joe Pavelski is hit by Mitchell Marner and loses puck.
11:50 of 2nd period - Shot by Mitchell Marner.
11:50 of 2nd period - Shot Misses the Net.
11:52 of 2nd period - Shot by Elias Pettersson.
11:52 of 2nd period - Shot Blocked by Torey Krug.
11:54 of 2nd period - Shot by Elias Pettersson.
11:54 of 2nd period - Shot Misses the Net.
12:15 of 2nd period - Icing by Aaron Ekblad.
12:16 of 2nd period - Owen Tippett wins face-off versus Pierre-Luc Dubois in VANCOUVER VOODOO zone.
12:26 of 2nd period - Icing by Trevor van Riemsdyk.
12:27 of 2nd period - William Karlsson wins face-off versus Pierre-Luc Dubois in RENO LIONS zone.
12:28 of 2nd period - Shot by Rickard Rakell.
12:28 of 2nd period - Stopped by Stuart Skinner without a rebound.
12:29 of 2nd period - Nicolas Roy wins face-off versus Pierre-Luc Dubois in RENO LIONS zone.
12:40 of 2nd period - Shot by Nicolas Roy.
12:40 of 2nd period - Shot Misses the Net.
12:51 of 2nd period - Jared McCann is hit by Mattias Samuelsson and loses puck.
12:58 of 2nd period - Shot by Jared McCann.
12:58 of 2nd period - Stopped by Stuart Skinner without a rebound.
12:59 of 2nd period - William Karlsson wins face-off versus Dylan Strome in RENO LIONS zone.
13:07 of 2nd period - Icing by Mitchell Marner.
13:08 of 2nd period - Dylan Strome wins face-off versus William Karlsson in RENO LIONS zone.
13:08 of 2nd period - Dylan Strome is hit by Rickard Rakell.
13:24 of 2nd period - Shot by Dylan Strome.
13:24 of 2nd period - Stopped by Filip Gustavsson without a rebound.
13:25 of 2nd period - Nicolas Roy wins face-off versus Pierre-Luc Dubois in VANCOUVER VOODOO zone.
13:55 of 2nd period - Shot by Jared McCann.
13:55 of 2nd period - Stopped by Stuart Skinner without a rebound.
13:56 of 2nd period - Elias Pettersson wins face-off versus William Karlsson in RENO LIONS zone.
15:02 of 2nd period - Icing by Trevor van Riemsdyk.
15:03 of 2nd period - Pierre-Luc Dubois wins face-off versus Joe Pavelski in RENO LIONS zone.
15:17 of 2nd period - Shot by Joe Pavelski.
15:17 of 2nd period - Shot Blocked by Trevor van Riemsdyk.
15:19 of 2nd period - Shot by Michael Matheson.
15:19 of 2nd period - Shot Misses the Net.
15:28 of 2nd period - Michael Matheson is hit by Mattias Samuelsson and loses puck.
15:31 of 2nd period - Shot by Joe Pavelski.
15:31 of 2nd period - Deflect By Tyler Toffoli.
15:31 of 2nd period - Stopped by Stuart Skinner without a rebound.
15:32 of 2nd period - Nicolas Roy wins face-off versus David Kampf in RENO LIONS zone.
16:02 of 2nd period - David Kampf is hit by Noel Acciari and loses puck.
16:08 of 2nd period - Minor Penalty to Trent Frederic for Hooking.
16:09 of 2nd period - Alex Kerfoot wins face-off versus William Karlsson in RENO LIONS zone.
16:15 of 2nd period - Icing by Michael Matheson.
16:16 of 2nd period - Elias Pettersson wins face-off versus William Karlsson in VANCOUVER VOODOO zone.
16:35 of 2nd period - Alex Kerfoot is hit by William Karlsson.
18:11 of 2nd period - Shot by Connor McMichael.
18:11 of 2nd period - Stopped by Stuart Skinner without a rebound.
18:12 of 2nd period - David Kampf wins face-off versus Jack McBain in RENO LIONS zone.
19:16 of 2nd period - Icing by Trevor van Riemsdyk.
19:17 of 2nd period - Joe Pavelski wins face-off versus David Kampf in RENO LIONS zone.
19:17 of 2nd period - Joe Pavelski is hit by Mattias Samuelsson.
19:43 of 2nd period - Shot by Owen Tippett.
19:43 of 2nd period - Shot Misses the Net.
19:47 of 2nd period - Shot by Joe Pavelski.
19:47 of 2nd period - Shot Blocked by Hampus Lindholm.
Goals for this period are 0 for VANCOUVER VOODOO vs 0 for RENO LIONS.
Shots for this period are 8 for VANCOUVER VOODOO vs 3 for RENO LIONS.

3rd period


0:01 of 3rd period - William Karlsson wins face-off versus Pierre-Luc Dubois in neutral zone.
0:17 of 3rd period - Icing by Hampus Lindholm.
0:18 of 3rd period - Joe Pavelski wins face-off versus Ivan Barbashev in RENO LIONS zone.
0:49 of 3rd period - Shot by Joe Pavelski.
0:49 of 3rd period - Shot Misses the Net.
0:51 of 3rd period - Shot by Aaron Ekblad.
0:51 of 3rd period - Shot Misses the Net.
0:53 of 3rd period - Shot by Aaron Ekblad.
0:53 of 3rd period - Deflect By Tyler Toffoli.
0:53 of 3rd period - Shot Misses the Net.
1:23 of 3rd period - Shot by Rickard Rakell.
1:23 of 3rd period - Stopped by Stuart Skinner without a rebound.
1:24 of 3rd period - Dylan Strome wins face-off versus Nicolas Roy in RENO LIONS zone.
1:33 of 3rd period - Icing by Elias Pettersson.
1:34 of 3rd period - Dylan Strome wins face-off versus William Karlsson in RENO LIONS zone.
1:40 of 3rd period - Elias Pettersson is hit by Michael Matheson and loses puck.
1:46 of 3rd period - Minor Penalty to Jonathan Drouin for Tripping.
1:47 of 3rd period - Nicolas Roy wins face-off versus Dylan Strome in VANCOUVER VOODOO zone.
2:22 of 3rd period - Shot by Elias Pettersson.
2:22 of 3rd period - Stopped by Filip Gustavsson with a rebound.
2:45 of 3rd period - Shot by Mitchell Marner.
2:45 of 3rd period - Stopped by Filip Gustavsson without a rebound.
2:46 of 3rd period - William Karlsson wins face-off versus Pierre-Luc Dubois in VANCOUVER VOODOO zone.
3:50 of 3rd period - Trent Frederic is hit by Jack McBain and loses puck.
3:55 of 3rd period - Shot by Connor McMichael.
3:55 of 3rd period - Stopped by Stuart Skinner without a rebound.
3:56 of 3rd period - Peyton Krebs wins face-off versus Jack McBain in RENO LIONS zone.
4:01 of 3rd period - Shot by Alex Newhook.
4:01 of 3rd period - Stopped by Stuart Skinner without a rebound.
4:02 of 3rd period - David Kampf wins face-off versus William Karlsson in RENO LIONS zone.
4:17 of 3rd period - Shot by Trent Frederic.
4:17 of 3rd period - Shot Misses the Net.
4:19 of 3rd period - Shot by David Kampf.
4:19 of 3rd period - Shot Misses the Net.
4:21 of 3rd period - Shot by Mattias Samuelsson.
4:21 of 3rd period - Goal by Mattias Samuelsson - VANCOUVER VOODOO : 1 - RENO LIONS : 2.
4:22 of 3rd period - Dylan Strome wins face-off versus Nicolas Roy in neutral zone.
4:24 of 3rd period - Elias Pettersson is hit by Aaron Ekblad and loses puck.
5:05 of 3rd period - Shot by Jared McCann.
5:05 of 3rd period - Shot Misses the Net.
5:34 of 3rd period - Icing by Aaron Ekblad.
5:35 of 3rd period - David Kampf wins face-off versus Nicolas Roy in VANCOUVER VOODOO zone.
5:48 of 3rd period - Shot by Kyle Okposo.
5:48 of 3rd period - Stopped by Filip Gustavsson without a rebound.
5:49 of 3rd period - William Karlsson wins face-off versus Pierre-Luc Dubois in VANCOUVER VOODOO zone.
6:00 of 3rd period - Shot by Jonathan Drouin.
6:00 of 3rd period - Stopped by Stuart Skinner without a rebound.
6:01 of 3rd period - Dylan Strome wins face-off versus Joe Pavelski in RENO LIONS zone.
6:30 of 3rd period - Shot by Elias Pettersson.
6:30 of 3rd period - Shot Misses the Net.
7:11 of 3rd period - Shot by Rickard Rakell.
7:11 of 3rd period - Shot Misses the Net.
8:18 of 3rd period - Shot by Connor McMichael.
8:18 of 3rd period - Shot Misses the Net.
8:20 of 3rd period - Shot by Torey Krug.
8:20 of 3rd period - Stopped by Stuart Skinner without a rebound.
8:21 of 3rd period - Joe Pavelski wins face-off versus Peyton Krebs in RENO LIONS zone.
8:40 of 3rd period - Icing by Damon Severson.
8:41 of 3rd period - Dylan Strome wins face-off versus Owen Tippett in VANCOUVER VOODOO zone.
9:15 of 3rd period - Shot by Joe Pavelski.
9:15 of 3rd period - Stopped by Stuart Skinner with a rebound.
9:17 of 3rd period - Shot by Tyler Toffoli.
9:17 of 3rd period - Shot Misses the Net.
9:55 of 3rd period - Pierre-Luc Dubois is hit by Aaron Ekblad.
10:03 of 3rd period - Shot by Ivan Barbashev.
10:03 of 3rd period - Shot Misses the Net.
10:08 of 3rd period - Hampus Lindholm is hit by Aaron Ekblad.
10:11 of 3rd period - Icing by Aaron Ekblad.
10:12 of 3rd period - David Kampf wins face-off versus Nicolas Roy in VANCOUVER VOODOO zone.
10:14 of 3rd period - Kyle Okposo is hit by Torey Krug and loses puck.
10:21 of 3rd period - Minor Penalty to Nicolas Roy for Interference.
10:22 of 3rd period - William Karlsson wins face-off versus Dylan Strome in VANCOUVER VOODOO zone.
10:26 of 3rd period - Off-side.
10:27 of 3rd period - Pierre-Luc Dubois wins face-off versus Joe Pavelski in neutral zone.
10:30 of 3rd period - Chris Tanev is hit by Alex Kerfoot and loses puck.
10:37 of 3rd period - Shot by Mitchell Marner.
10:37 of 3rd period - Stopped by Filip Gustavsson without a rebound.
10:38 of 3rd period - Dylan Strome wins face-off versus Joe Pavelski in VANCOUVER VOODOO zone.
10:58 of 3rd period - Dylan Strome is hit by Aaron Ekblad and loses puck.
11:12 of 3rd period - Shot by Trevor van Riemsdyk.
11:12 of 3rd period - Deflect By Dylan Strome.
11:12 of 3rd period - Goal by Dylan Strome - VANCOUVER VOODOO : 1 - RENO LIONS : 3.
11:13 of 3rd period - David Kampf wins face-off versus William Karlsson in neutral zone.
11:15 of 3rd period - Off-side.
11:16 of 3rd period - William Karlsson wins face-off versus David Kampf in neutral zone.
11:19 of 3rd period - Shot by Jonathan Drouin.
11:19 of 3rd period - Stopped by Stuart Skinner with a rebound.
11:21 of 3rd period - Shot by William Karlsson.
11:21 of 3rd period - Stopped by Stuart Skinner with a rebound.
11:47 of 3rd period - Shot by William Karlsson.
11:47 of 3rd period - Shot Misses the Net.
11:49 of 3rd period - Shot by William Karlsson.
11:49 of 3rd period - Stopped by Stuart Skinner without a rebound.
11:50 of 3rd period - Owen Tippett wins face-off versus Dylan Strome in RENO LIONS zone.
12:30 of 3rd period - Dylan Strome is hit by Chris Tanev and loses puck.
13:28 of 3rd period - Shot by Jonathan Drouin.
13:28 of 3rd period - Shot Misses the Net.
13:30 of 3rd period - Shot by William Karlsson.
13:30 of 3rd period - Shot Blocked by Brady Skjei.
13:37 of 3rd period - Shot by William Karlsson.
13:37 of 3rd period - Shot Misses the Net.
13:39 of 3rd period - Shot by Jonathan Drouin.
13:39 of 3rd period - Deflect By Rickard Rakell.
13:39 of 3rd period - Stopped by Stuart Skinner without a rebound.
13:40 of 3rd period - Nicolas Roy wins face-off versus David Kampf in RENO LIONS zone.
13:43 of 3rd period - Shot by Jared McCann.
13:43 of 3rd period - Stopped by Stuart Skinner without a rebound.
13:44 of 3rd period - Dylan Strome wins face-off versus Nicolas Roy in RENO LIONS zone.
14:19 of 3rd period - Shot by Dylan Strome.
14:19 of 3rd period - Stopped by Filip Gustavsson without a rebound.
14:20 of 3rd period - William Karlsson wins face-off versus David Kampf in VANCOUVER VOODOO zone.
14:31 of 3rd period - Shot by William Karlsson.
14:31 of 3rd period - Stopped by Stuart Skinner without a rebound.
14:32 of 3rd period - Pierre-Luc Dubois wins face-off versus Joe Pavelski in RENO LIONS zone.
14:32 of 3rd period - Pierre-Luc Dubois is hit by Owen Tippett.
16:03 of 3rd period - Shot by William Karlsson.
16:03 of 3rd period - Shot Hit the Post.
16:39 of 3rd period - Minor Penalty to Radko Gudas for Tripping.
16:40 of 3rd period - Dylan Strome wins face-off versus Nicolas Roy in VANCOUVER VOODOO zone.
17:01 of 3rd period - Shot by Dylan Strome.
17:01 of 3rd period - Shot Misses the Net.
17:03 of 3rd period - Shot by Mitchell Marner.
17:03 of 3rd period - Shot Blocked by Michael Matheson.
17:05 of 3rd period - Shot by Mitchell Marner.
17:05 of 3rd period - Shot Misses the Net.
17:07 of 3rd period - Shot by Scott Perunovich.
17:07 of 3rd period - Shot Blocked by Aaron Ekblad.
17:09 of 3rd period - Shot by Mitchell Marner.
17:09 of 3rd period - Stopped by Filip Gustavsson with a rebound.
17:11 of 3rd period - Shot by Mitchell Marner.
17:11 of 3rd period - Shot Blocked by Michael Matheson.
17:36 of 3rd period - William Karlsson is hit by Kyle Okposo and loses puck.
18:01 of 3rd period - Shot by Connor Brown.
18:01 of 3rd period - Deflect By Kyle Okposo.
18:01 of 3rd period - Shot Misses the Net.
18:14 of 3rd period - Off-side.
18:15 of 3rd period - Nicolas Roy wins face-off versus Pierre-Luc Dubois in neutral zone.
18:39 of 3rd period - Shot by Hampus Lindholm.
18:39 of 3rd period - Stopped by Filip Gustavsson with a rebound.
18:47 of 3rd period - Shot by Peyton Krebs.
18:47 of 3rd period - Stopped by Filip Gustavsson without a rebound.
18:48 of 3rd period - Dylan Strome wins face-off versus Jonathan Drouin in VANCOUVER VOODOO zone.
Goals for this period are 0 for VANCOUVER VOODOO vs 2 for RENO LIONS.
Shots for this period are 12 for VANCOUVER VOODOO vs 10 for RENO LIONS.


VINCE
DUNN
JAMIE
BENN
JONATHAN
DROUIN

EAST COAST

HOCKEY LEAGUE